 Dungeon Crawl Stone Soup version 0.24-a0-258-gb86c0f735e (webtiles) character file.

Game seed: 14706809752143893371

28917 JellyEater the Geomancer (level 13, -2/76 HPs)
             Began as a Gargoyle Earth Elementalist on Apr 19, 2019.
             Was a High Priest of Vehumet.
             Hit by a large rock thrown by a cyclops (39 damage)
             ... on level 15 of the Dungeon.
             The game lasted 01:02:06 (16221 turns).

JellyEater the Geomancer (GrEE)                    Turns: 16221, Time: 01:02:07

Health: -2/76      AC: 19    Str: 13    XL:     13   Next: 41%
Magic:  5/23       EV: 13    Int: 18    God:    Vehumet [*****.]
Gold:   752        SH:  4    Dex:  6    Spells: 4/29 levels left

rFire    . . .     SeeInvis .   a - +4 eveningstar (protect)
rCold    . . .     Gourm    +   (no shield)
rNeg     + . .     Faith    .   y - +1 robe of Touvod {Dex-4 Slay+5}
rPois    ∞         Spirit   .   s - +2 hat
rElec    +         Reflect  .   (no cloak)
rCorr    .         Harm     .   c - +1 pair of gloves
MR       +....                  (no boots)
Stlth    ++........             z - amulet of the gourmand
HPRegen  0.22/turn              j - ring of flight
MPRegen  0.18/turn              t - ring of protection from magic

@: very slightly contaminated
A: horns 1, large bone plates 1, yellow scales 1, dopey 1, low mp 1, negative
energy resistance 1, electricity resistance, wild magic 1, unbreathing,
evolution 2, petrification resistance, rot immunity, MP-powered wands, AC +9
a: Renounce Religion, Evoke Flight


You were on level 15 of the Dungeon.
You worshipped Vehumet.
Vehumet was extremely pleased with you.
You were not hungry.

You visited 2 branches of the dungeon, and saw 16 of its levels.

You collected 752 gold pieces.

Inventory:

Hand Weapons
 a - a +4 eveningstar of protection (weapon)
 f - a +5 morningstar
 v - the +4 quarterstaff "Hiasame" {flame, +Inv Int+4}
   (You found it on level 10 of the Dungeon)

   It has been specially enchanted to burn those struck by it, causing extra
   injury to most foes and up to half again as much damage against particularly
   susceptible opponents.
   It affects your intelligence (+4).
   It lets you turn invisible.
Armour
 c - a +1 pair of gloves (worn)
 s - a +2 hat (worn)
 y - the +1 robe of Touvod (worn) {Dex-4 Slay+5}
   (You found it on level 11 of the Dungeon)

   It affects your dexterity (-4).
   It affects your accuracy and damage with ranged weapons and melee attacks
   (+5).
 B - a +1 robe of cold resistance
Jewellery
 h - an uncursed amulet of magic regeneration
 j - a ring of flight (left hand)
 m - an uncursed ring of fire
 t - a ring of protection from magic (right hand)
 z - an amulet of the gourmand (around neck)
Wands
 e - a wand of acid (1)
 q - a wand of polymorph (19)
 u - a wand of paralysis (4)
 w - a wand of disintegration (25)
 x - a wand of iceblast (7)
 C - a wand of flame (47)
Scrolls
 l - 3 scrolls of remove curse
 n - a scroll of immolation
 o - a scroll of fog
 A - 2 scrolls of teleportation
Potions
 g - 2 potions of curing
 k - a potion of agility
 p - a potion of brilliance
 r - 4 potions of cancellation
Comestibles
 d - 23 rations


   Skills:
 + Level 7.1 Fighting
 + Level 6.4 Maces & Flails
 - Level 6.0 Armour
 + Level 5.6 Dodging
 - Level 2.1 Stealth
 + Level 8.8 Spellcasting
 + Level 9.8 Conjurations
 - Level 0.7 Transmutations
 * Level 7.6 Fire Magic
 + Level 11.4 Earth Magic
 + Level 5.9 Evocations


You had 4 spell levels left.
You knew the following spells:

 Your Spells              Type           Power        Failure   Level  Hunger
a - Sandblast             Erth           ######       1%          1    None
b - Stone Arrow           Conj/Erth      ######       1%          3    None
c - Lee's Rapid Deconstr  Erth           ######....   1%          5    #####..
d - Fireball              Conj/Fire      ######....   3%          5    #####..
e - Irradiate             Conj/Tmut      #####.....   11%         5    #####..
f - Iron Shot             Conj/Erth      ######....   7%          6    ######.

Your spell library contained the following spells:

 Spells                   Type           Power        Failure   Level  Hunger
 Flame Tongue             Conj/Fire      #####        1%          1    None
 Magic Dart               Conj           ####         1%          1    None
 Searing Ray              Conj           ######       1%          2    None
 Throw Flame              Conj/Fire      ######       1%          2    None
 Conjure Flame            Conj/Fire      ######..     1%          3    None
 Dazzling Spray           Conj/Hex       ####..       1%          3    None
 Iskenderun's Mystic Bla  Conj           ######..     1%          4    ###....
 Sticky Flame             Conj/Fire      ######..     1%          4    ###....
 Passwall                 Tmut/Erth      #####...     2%          2    None
 Inner Flame              Hex/Fire       ####....     2%          3    None
 Mephitic Cloud           Conj/Pois/Air  ####....     3%          3    None
 Force Lance              Conj/Tloc      ####....     4%          4    ###....
 Fulminant Prism          Conj/Hex       ####......   4%          4    ###....
 Petrify                  Tmut/Erth      #####...     12%         4    ###....
 Poisonous Vapours        Pois/Air       ##....       21%         2    None
 Cause Fear               Hex            ##........   73%         4    ###....
 Yara's Violent Unravell  Hex/Tmut       ##........   52%         5    #####..
 Freezing Cloud           Conj/Ice/Air   ####......   67%         6    ######.
 Silence                  Hex/Air        ##........   96%         5    #####..
 Deflect Missiles         Chrm/Air       ##........   100%        6    ######.
 Ring of Flames           Chrm/Fire      ####......   100%        7    #######
 Discord                  Hex            ##........   100%        8    #######


Dungeon Overview and Level Annotations

Branches:
Dungeon (14/15)            Temple (1/1) D:6            Lair (0/6) D:8
    Orc (0/2) D:11
 Vaults: D:13-14

Altars:
Ashenzari
Cheibriados
Dithmenos
Elyvilon
Fedhas
Gozag
Hepliaklqana
Kikubaaqudgha
Makhleb
Okawaru
Qazlal
Ru
Sif Muna
Trog
Uskayaw
Vehumet
Wu Jian
Xom
Yredelemnul
Zin
The Shining One
Jiyva

Shops:
D:9 (

Annotations:
D:13 Frances


Innate Abilities, Weirdness & Mutations

You are resistant to torment.
Your stone body is resilient. (AC +9)
You are immune to poison.
You resist negative energy. (rN+)
You are resistant to electric shocks. (rElec)
You can survive without breathing.
You are immune to petrification.
You are immune to rotting.
You have a pair of small horns on your head.
You are partially covered in large bone plates. (SH +4)
You are partially covered in yellow scales. (AC +2)
You are dopey. (Int -2)
Your magical capacity is low. (-10% MP)
Your spells are a little harder to cast, but a little more powerful.
You rapidly evolve.
You expend magic power (3 MP) to strengthen your wands.


Message History

Confirm with . or Enter, or press ? or * to list all spells.
Aiming: Iron Shot (slightly dangerous; 7% risk of failure)
Press: ? - help, Shift-Dir - straight line, f - cyclops
Aim: a cyclops You miscast Iron Shot.
You are very lightly contaminated with residual magic.
You feel momentarily lethargic.
The cyclops throws a large rock.
The large rock hits you!
* * * LOW HITPOINT WARNING * * *
Casting: Iron Shot (slightly dangerous; 7% risk of failure)
Confirm with . or Enter, or press ? or * to list all spells.
Aiming: Iron Shot (slightly dangerous; 7% risk of failure)
Press: ? - help, Shift-Dir - straight line, f/p - cyclops
Aim: a cyclops The iron shot hits the cyclops!!
The cyclops is heavily wounded.
You feel much better.
The cyclops throws a large rock.
The large rock hits you!!!
Ouch! That really hurt!
You die...

#################
#.......#.......#
#.#####.#.#####.#
#.#...#.#.#...#.#
#.#.#...#.#(#...#
.#####.#.#####.#@#####...
.......#.......#.)C....[.
######################..C


You could see a cyclops.

Vanquished Creatures
  Jorgrun (D:13)
  Nessos (D:13)
  Josephine (D:13)
  A hydra (D:14)
  A centaur warrior (D:15)
  A two-headed ogre (D:12)
  Urug (D:10)
  2 unseen horrors (D:12)
  5 ugly things
  2 manticores (D:12)
  4 cyclopes
  3 centaur zombies
  2 gargoyles
  A kobold demonologist (D:13)
  A komodo dragon (D:12)
  An efreet (D:13)
  2 hellwings (D:9)
  A jumping spider (D:8)
  2 trolls (D:11)
  Prince Ribbit (D:6)
  5 slime creatures
  2 hornets
  A meliai zombie (D:13)
  4 water elementals (D:10)
  6 wraiths
  Sigmund (D:6)
  Eustachio (D:4)
  5 wyverns
  4 yaks
  3 hungry ghosts
  An acid dragon (D:13)
  3 porcupines (D:8)
  2 soldier ants (D:8)
  A water moccasin (D:8)
  5 ice beasts
  A phantom (D:5)
  4 eyes of draining
  3 sky beasts
  7 ogres
  5 black bears
  6 centaurs
  2 crocodiles
  3 big kobolds
  8 bullfrogs
  5 wyvern zombies
  3 wyvern skeletons
  3 scorpions
  13 killer bees
  13 wights
  4 crimson imps
  9 jellies
  A bullfrog zombie (D:7)
  3 quasits
  5 hounds
  4 centaur skeletons
  A gnoll shaman (D:8)
  7 orc priests
  A bullfrog skeleton (D:10)
  3 iguanas
  Natasha (thrice) (D:3)
  9 orc wizards
  8 worker ants
  A hound zombie (D:9)
  A hound skeleton (D:7)
  4 gnolls (D:8)
  2 howler monkey skeletons (D:8)
  2 worker ant zombies
  11 adders
  6 shadow imps
  2 oozes
  3 adder zombies
  An adder skeleton (D:5)
  A worm (D:3)
  2 dart slugs
  6 leopard geckos
  49 orcs
  7 bats
  6 giant cockroaches
  4 hobgoblins
  9 jackals
  4 quokkas
  A ball python (D:1)
  6 frilled lizards
  2 gnoll zombies (D:3)
  11 goblins
  20 kobolds
  8 rats
381 creatures vanquished.

Vanquished Creatures (others)
  14 fungi (D:8)
  3 plants (D:8)
  2 withered plants (D:9)
19 creatures vanquished.

Grand Total: 400 creatures vanquished

Notes
Turn   | Place    | Note
-------+----------+-------------------------------------------
     0 | D:1      | JellyEater the Gargoyle Earth Elementalist began the quest
                  | for the Orb.
     0 | D:1      | Reached XP level 1. HP: 10/10 MP: 3/3
   272 | D:1      | Reached XP level 2. HP: 15/15 MP: 1/5
   293 | D:1      | Reached skill level 4 in Earth Magic
   572 | D:1      | Reached XP level 3. HP: 15/19 MP: 4/6
   970 | D:1      | Found an iron altar of Okawaru.
  1140 | D:2      | Found a white marble altar of Elyvilon.
  1301 | D:2      | Reached XP level 4. HP: 24/24 MP: 6/8
  1306 | D:2      | Learned a level 3 spell: Stone Arrow
  1580 | D:2      | Found a burning altar of Makhleb.
  1734 | D:3      | Noticed Natasha
  1876 | D:3      | Killed Natasha
  1876 | D:3      | Reached skill level 1 in Conjurations
  1876 | D:3      | Reached skill level 5 in Earth Magic
  2095 | D:3      | You fall through a shaft for 2 floors!
  2095 | D:5      | Entered Level 5 of the Dungeon
  2132 | D:5      | Reached XP level 5. HP: 27/28 MP: 7/10
  2202 | D:4      | Noticed Eustachio
  2223 | D:4      | Killed Eustachio
  2223 | D:4      | Reached XP level 6. HP: 15/32 MP: 0/12
  2230 | D:4      | Learned a level 5 spell: Lee's Rapid Deconstruction
  2489 | D:4      | Reached skill level 6 in Earth Magic
  3037 | D:3      | Noticed Natasha
  3041 | D:3      | Killed Natasha
  3151 | D:3      | Noticed Natasha
  3155 | D:3      | Killed Natasha
  3165 | D:3      | Found a glowing silver altar of Zin.
  3211 | D:3      | Found a basalt altar of Yredelemnul.
  3253 | D:3      | Found a shimmering altar of Xom.
  3253 | D:3      | Found a shimmering altar of Xom.
  3253 | D:3      | Found a shimmering altar of Xom.
  3253 | D:3      | Found a shimmering altar of Xom.
  3255 | D:3      | Found a shimmering altar of Xom.
  3255 | D:3      | Found a shimmering altar of Xom.
  3332 | D:3      | Reached XP level 7. HP: 36/36 MP: 7/13
  3423 | D:3      | Found a faded altar of an unknown god.
  4261 | D:5      | Found a shadowy altar of Dithmenos.
  4286 | D:5      | Reached skill level 7 in Earth Magic
  4312 | D:5      | Reached skill level 5 in Spellcasting
  4523 | D:5      | Reached XP level 8. HP: 41/41 MP: 6/15
  4755 | D:5      | Reached skill level 5 in Conjurations
  5167 | D:6      | Noticed Prince Ribbit
  5170 | D:6      | Killed Prince Ribbit
  5222 | D:6      | Reached skill level 8 in Earth Magic
  5282 | D:6      | Noticed Sigmund
  5284 | D:6      | Killed Sigmund
  5396 | D:6      | Found a staircase to the Ecumenical Temple.
  5407 | Temple   | Entered the Ecumenical Temple
  5485 | Temple   | Became a worshipper of Vehumet
  5563 | D:6      | Found an ornate altar of the Wu Jian Council.
  5574 | D:6      | Found an iron altar of Okawaru.
  5634 | D:6      | Reached XP level 9. HP: 38/45 MP: 12/18
  5717 | D:6      | Found an opulent altar of Gozag.
  5717 | D:6      | Found a stormy altar of Qazlal.
  5785 | D:6      | Reached skill level 1 in Fighting
  5785 | D:6      | Reached skill level 1 in Maces & Flails
  5785 | D:6      | Reached skill level 1 in Armour
  5806 | D:6      | Reached skill level 1 in Evocations
  6215 | D:7      | Reached skill level 9 in Earth Magic
  6838 | D:7      | Reached * piety under Vehumet
  6838 | D:7      | Offered knowledge of Freeze by Vehumet.
  6893 | D:7      | Gained mutation: You are partially covered in thin metallic
                  | scales. (AC +2) [potion of mutation]
  6893 | D:7      | Gained mutation: You tend to lose your temper in combat.
                  | [potion of mutation]
  6893 | D:7      | Gained mutation: You are partially covered in yellow
                  | scales. (AC +2) [potion of mutation]
  6893 | D:7      | Gained mutation: Your mind is acute. (Int +2) [potion of
                  | mutation]
  6938 | D:7      | Lost mutation: You are partially covered in thin metallic
                  | scales. (AC +2) [potion of mutation]
  6938 | D:7      | Lost mutation: Your mind is acute. (Int +2) [potion of
                  | mutation]
  6938 | D:7      | Lost mutation: You tend to lose your temper in combat.
                  | [potion of mutation]
  6938 | D:7      | Gained mutation: You are dopey. (Int -2) [potion of
                  | mutation]
  6938 | D:7      | Gained mutation: Your magical capacity is low. (-10% MP)
                  | [potion of mutation]
  6938 | D:7      | Gained mutation: You evolve. [potion of mutation]
  7015 | D:7      | Found a radiant altar of Vehumet.
  7690 | D:8      | Gained mutation: Your spells are a little harder to cast,
                  | but a little more powerful. [evolution]
  7715 | D:8      | Reached XP level 10. HP: 43/55 MP: 12/18
  7932 | D:8      | Found a staircase to the Lair.
  7973 | D:8      | Found a sacrificial altar of Ru.
  8080 | D:8      | Noticed a cyan ugly thing
  8086 | D:8      | Killed a cyan ugly thing
  8143 | D:8      | Found a blossoming altar of Fedhas.
  8157 | D:8      | Learned a level 5 spell: Fireball
  8327 | D:8      | Reached skill level 1 in Fire Magic
  8608 | D:9      | Reached ** piety under Vehumet
  8608 | D:9      | Offered knowledge of Throw Frost by Vehumet.
  8733 | D:9      | Noticed a gargoyle
  8932 | D:9      | Found an ancient bone altar of Kikubaaqudgha.
  8987 | D:9      | Found Xoolevia's Weapon Shoppe.
  9012 | D:9      | Reached XP level 11. HP: 50/61 MP: 1/19
  9029 | D:9      | Reached skill level 10 in Earth Magic
  9062 | D:9      | Offered knowledge of Ignite Poison by Vehumet.
  9291 | D:9      | Gained mutation: You rapidly evolve. [evolution]
  9356 | D:9      | You fall through a shaft!
  9356 | D:10     | Entered Level 10 of the Dungeon
  9363 | D:10     | Reached *** piety under Vehumet
  9453 | D:10     | Noticed Urug
  9928 | D:10     | Killed Urug
 10158 | D:10     | Offered knowledge of Olgreb's Toxic Radiance by Vehumet.
 10396 | D:10     | Reached skill level 5 in Armour
 10575 | D:10     | Got a dazzling quarterstaff
 10576 | D:10     | Identified the +4 quarterstaff "Hiasame" {flame, +Inv
                  | Int+4} (You found it on level 10 of the Dungeon)
 10612 | D:10     | Reached skill level 5 in Fighting
 11245 | D:9      | Gained mutation: You have a pair of small horns on your
                  | head. [evolution]
 11751 | D:11     | Reached **** piety under Vehumet
 11804 | D:11     | Got a steaming robe
 11815 | D:11     | Identified the cursed +1 robe of Touvod {Dex-4 Slay+5} (You
                  | found it on level 11 of the Dungeon)
 12067 | D:11     | Offered knowledge of Irradiate by Vehumet.
 12074 | D:11     | Learned a level 5 spell: Irradiate
 12245 | D:11     | Noticed a cyan ugly thing
 12249 | D:11     | Killed a cyan ugly thing
 12264 | D:11     | Reached XP level 12. HP: 68/68 MP: 9/21
 12352 | D:11     | Found a staircase to the Orcish Mines.
 12536 | D:11     | Reached skill level 5 in Fire Magic
 12655 | D:11     | Reached skill level 5 in Maces & Flails
 13686 | D:12     | Noticed a two-headed ogre
 13692 | D:12     | Killed a two-headed ogre
 13853 | D:12     | Gained mutation: You are partially covered in large bone
                  | plates. (SH +4) [evolution]
 13957 | D:12     | Reached skill level 5 in Evocations
 13973 | D:12     | Reached skill level 5 in Dodging
 14543 | D:12     | Reached skill level 11 in Earth Magic
 14700 | D:13     | Noticed Jorgrun
 14878 | D:13     | Gained mutation: You expend magic power (3 MP) to
                  | strengthen your wands. [evolution]
 14943 | D:13     | Noticed Nessos
 14957 | D:13     | Killed Nessos
 15164 | D:13     | Noticed Josephine
 15167 | D:13     | Killed Josephine
 15167 | D:13     | Reached XP level 13. HP: 49/76 MP: 7/23
 15442 | D:13     | Killed Jorgrun
 15716 | D:13     | Noticed Frances
 16070 | D:14     | Reached ***** piety under Vehumet
 16070 | D:14     | Offered knowledge of Iron Shot by Vehumet.
 16079 | D:14     | Learned a level 6 spell: Iron Shot
 16104 | D:14     | You fall through a shaft!
 16104 | D:15     | Entered Level 15 of the Dungeon
 16221 | D:15     | Hit by a large rock thrown by a cyclops

Levels and vault maps discovered:
D:1:      lightli_iron_boxes, layout_loops_ring, okawaru_ov_weapons_minmay
D:2:      layout_loops_ring, elyvilon_altar_5, bloody_makhleb
D:3:      layout_basic, xom_redecorated, lemuel_zombie_altar_yredelemnul,
          zin_statuary, first_ration, chequers_ecumenical_altar_lobes,
          uniq_natasha
D:4:      layout_loops_corners, uniq_eustachio
D:5:      layout_basic, lemuel_doored_altar
D:6:      layout_loops_ring, gammafunk_temple_overflow_wave,
          amethyst_overflow_temple_binary, minmay_temple_entry_glassed_door,
          uniq_prince_ribbit1, uniq_sigmund
D:7:      layout_gridville, basic_altar
D:8:      layout_basic, nicolae_overflow_crystal_walls,
          overflow_temple_1_default, due_lair_maze_entry_diamond,
          hangedman_pestilent_swarm
D:9:      cheibrodos_grave_circle, layout_rooms, old_standard_altar,
          serial_shops, shop
D:10:     layout_basic, nicolae_underground_beach, uniq_urug
D:11:     layout_cave_pods, orc_0_dummy, serial_column_ruins,
          column_ruins_circle_small, column_ruins_hut_pillars,
          column_ruins_grid_1, column_ruins_corridor_dead_end,
          column_ruins_columns_plus, column_ruins_open_tiny,
          column_ruins_open_small, column_ruins_open_tiny,
          column_ruins_corridor_straight
D:12:     layout_grid_maze
D:13:     layout_roguey, uniq_jorgrun, uniq_frances, uniq_nessos, uniq_josephine
D:14:     layout_long_grid, david_vaults_5, hangedman_decor_diamond_cutter,
          grunt_ministairs_13, minivault_27, chequers_serial_rivers_large_a
D:15:     grunt_enter_depths_hoard, layout_loops_ring, patterned_corridor,
          minivault_10, nooodl_food_tri
Temple:   pf_slime_end_temple

Skill      XL: |  1  2  3  4  5  6  7  8  9 10 11 12 13 |
---------------+----------------------------------------+-----
Earth Magic    | 4 5 6 7 8 9 10 11 | 11.4
Spellcasting   | 3 4 5 6 7 8 |  8.8
Conjurations   | 1 2 3 4 6 7 8 9 |  9.8
Fighting       | 2 4 5 6 7 |  7.1
Maces & Flails | 2 3 4 6 |  6.4
Armour         | 2 4 5 6 |  6.0
Evocations     | 2 3 4 5 |  5.9
Dodging        | 2 3 4 5 |  5.6
Fire Magic     | 2 4 6 7 |  7.6
Stealth        | |  2.1
Transmutations | |  0.7

Action                   |  1- 3 |  4- 6 |  7- 9 | 10-12 | 13-15 || total
-------------------------+-------+-------+-------+-------+-------++-------
Melee: Club              |    50 |       |       |       |       ||    50
       Mace              |    26 |    36 |       |       |       ||    62
       Short sword       |     3 |       |       |       |       ||     3
       Falchion          |       |    48 |    35 |       |       ||    83
       Morningstar       |       |       |    61 |    91 |       ||   152
       Eveningstar       |       |       |       |   191 |    75 ||   266
       Headbutt          |       |       |       |    10 |    14 ||    24
 Cast: Sandblast         |    25 |    35 |    86 |   163 |    18 ||   327
       Stone Arrow       |       |     6 |    13 |    30 |     3 ||    52
       Lee's Rapid Decon |       |     1 |     9 |    36 |     4 ||    50
       Fireball          |       |       |       |    14 |     2 ||    16
       Irradiate         |       |       |       |     6 |       ||     6
       Iron Shot         |       |       |       |       |     4 ||     4
Evoke: Wand              |       |       |     6 |    25 |       ||    31
  Use: Scroll            |     4 |     2 |     4 |    12 |     6 ||    28
       Potion            |       |     2 |     2 |    12 |     3 ||    19
 Stab: Sleeping          |       |     2 |     1 |       |       ||     3
       Distracted        |       |       |     1 |     1 |       ||     2
  Eat: Chunk             |     2 |     7 |    14 |    34 |     9 ||    66
       Ration            |       |       |     1 |     1 |     1 ||     3
Armor: Robe              |    50 |    39 |    62 |   284 |    33 ||   468
Dodge: Dodged            |    78 |    49 |   114 |   360 |    47 ||   648
Block: Other             |       |       |       |    12 |     9 ||    21
       Rpst.: Falchion   |       |     8 |    12 |       |       ||    20

Table legend:
 A = Non-vault XP
 B = Vault XP
 C = Vault XP percentage of total XP
 D = Non-vault monster count
 E = Vault monster count
 F = Vault count percentage of total count
                 A         B        C        D         E       F
            +---------+---------+-------+---------+---------+-------
      Total |   27037 |   14273 |  34.6 |     333 |      48 |  12.6
            +---------+---------+-------+---------+---------+-------
        D:1 |      52 |       0 |   0.0 |      29 |       0 |   0.0
        D:2 |      61 |       0 |   0.0 |      18 |       0 |   0.0
        D:3 |     164 |      37 |  18.4 |      24 |       3 |  11.1
        D:4 |      91 |     208 |  69.6 |       6 |       1 |  14.3
        D:5 |     790 |       0 |   0.0 |      21 |       0 |   0.0
        D:6 |    1078 |     489 |  31.2 |      17 |       2 |  10.5
        D:7 |    1164 |       0 |   0.0 |      30 |       0 |   0.0
        D:8 |    2123 |    1729 |  44.9 |      25 |      13 |  34.2
        D:9 |    1690 |    2386 |  58.5 |      32 |      11 |  25.6
       D:10 |    3059 |    1726 |  36.1 |      38 |       5 |  11.6
       D:11 |    3461 |       0 |   0.0 |      23 |       0 |   0.0
       D:12 |    7899 |       0 |   0.0 |      49 |       0 |   0.0
       D:13 |    2854 |    6496 |  69.5 |      12 |       8 |  40.0
       D:14 |    1414 |    1202 |  45.9 |       7 |       5 |  41.7
       D:15 |    1137 |       0 |   0.0 |       2 |       0 |   0.0
            +---------+---------+-------+---------+---------+-------
